 Dungeon Crawl Stone Soup version 0.21-a0-110-g8e1637b (webtiles) character file.

71 Ordine the Magician (level 4, -1/24 HPs)
             Began as a Tengu Wizard on July 10, 2017.
             Was an Initiate of Sif Muna.
             Slain by a worm (7 damage)
             ... on level 2 of the Dungeon.
             The game lasted 00:04:44 (1896 turns).

Ordine the Magician (Tengu Wizard)                  Turns: 1896, Time: 00:04:45

Health: -1/24      AC:  2    Str:  8    XL:     4   Next: 24%
Magic:  0/10       EV: 12    Int: 19    God:    Sif Muna [......]
Gold:   72         SH:  0    Dex: 12    Spells: 6/9 levels left

rFire    . . .     SeeInvis .   i - +0 spear
rCold    . . .     Gourm    .   (no shield)
rNeg     + . .     Faith    .   a - +0 robe
rPois    .         Spirit   +   b - +0 hat
rElec    .         Reflect  .   (no cloak)
rCorr    .         Harm     .   (no gloves)
MR       .....                  (boots unavailable)
Stlth    ++........             f - amulet of guardian spirit
HPRegen  0.08/turn              e - ring of positive energy
MPRegen  0.12/turn              (no ring)

@: no status effects
A: beak, talons 3
a: Renounce Religion


You were on level 2 of the Dungeon.
You worshipped Sif Muna.
Sif Muna was noncommittal.
You were not hungry.

You visited 1 branch of the dungeon, and saw 2 of its levels.

You collected 72 gold pieces.

Inventory:

Hand Weapons
 i - a +0 spear (weapon)
Armour
 a - a +0 robe (worn)
 b - a +0 hat (worn)
 l - a +0 buckler
Jewellery
 e - a ring of positive energy (left hand)
 f - an amulet of guardian spirit (around neck)
Scrolls
 h - a scroll of remove curse
 k - a scroll of identify
Books
 c - a book of Minor Magic

   Spells                             Type                      Level
   a - Magic Dart                     Conjuration                  1
   b - Blink                          Translocation                2
   c - Call Imp                       Summoning                    2
   d - Slow                           Hexes                        2
   e - Conjure Flame                  Conjuration/Fire             3
   f - Mephitic Cloud                 Conjuration/Poison/Air       3
Comestibles
 d - a bread ration
 g - 2 meat rations
 j - a royal jelly


   Skills:
 - Level 2.1 Dodging
 + Level 2.8 Stealth
 + Level 0.6 Shields
 + Level 3.4 Spellcasting
 * Level 3.2 Conjurations
   Level 1.2 Summonings
 + Level 1.2 Translocations


You had 6 spell levels left.
You knew the following spells:

 Your Spells              Type           Power        Failure   Level  Hunger
a - Magic Dart            Conj           ###.         3%          1    None
b - Blink                 Tloc           N/A          14%         2    ##.....


Dungeon Overview and Level Annotations

Branches:
Dungeon (2/15)

Altars:
Dithmenos
Sif Muna


Innate Abilities, Weirdness & Mutations

You have a beak for a mouth.
You have claws for feet.


Message History

Aim: a worm (lightly wounded)
You reach to attack!
You hit the worm but do no damage.
The worm is lightly wounded.
Okay, then.
You hit the worm.
The worm is moderately wounded.
The worm bites you but does no damage.
You hit the worm.
The worm is heavily wounded.
You hit the worm.
The worm is heavily wounded.
The worm bites you.
* * * LOW HITPOINT WARNING * * *
A worm comes into view.
You hit the worm.
The worm is heavily wounded.
You feel less wooden.
Your +0 hat unmelds from your body.
Your +0 robe unmelds from your body.
The worm bites you!
You die...

#.#
#..#.......#.#.#..#.....
#.................#.###.
##>.............).#.# #.
##.######.#.#....#.# #.
#.w.#.#.#.#.#....#.# #.
#..#..#.##.#.#....#.# ##
#..###..#.# #.#......#
#..##.##w.## #.#.#....#
## #..##.. ##@)#
#.#.#....#..# #.# ..)
##)# #.#....#.## #. .K
##..# #.#........ #.
#r##r.## #..#.#.##
#..#†#K.#.# # #
#.......# #)....#.##
#.#.##.#.#..#
#.#...#.#.# ............
######### .#.##.#.#...
#....).#...


You could see 2 worms.

Vanquished Creatures
  2 adders (D:2)
  An ooze (D:1)
  3 dart slugs (D:1)
  4 giant cockroaches
  6 hobgoblins
  5 kobolds
  A quokka (D:2)
  A ball python (D:1)
  4 bats
  2 frilled lizards (D:2)
  8 goblins
  3 rats (D:2)
40 creatures vanquished.

Notes
Turn   | Place    | Note
-------+----------+-------------------------------------------
     0 | D:1      | Ordine the Tengu Wizard began the quest for the Orb.
     0 | D:1      | Reached XP level 1. HP: 10/10 MP: 5/5
   278 | D:1      | Reached XP level 2. HP: 15/15 MP: 5/7
   721 | D:1      | Reached XP level 3. HP: 19/19 MP: 2/8
   743 | D:1      | Learned a level 2 spell: Blink
  1312 | D:2      | Found a deep blue altar of Sif Muna.
  1318 | D:2      | Became a worshipper of Sif Muna the Loreminder
  1513 | D:2      | Found a shadowy altar of Dithmenos.
  1834 | D:2      | Reached skill level 1 in Translocations
  1834 | D:2      | Reached XP level 4. HP: 13/24 MP: 3/10
  1896 | D:2      | Slain by a worm

Vault maps used:
D:1:      ncdulo_smallfort
D:2:      minmay_diamond_boxcup, nicolae_overflow_crystal_walls,
          nicolae_dithmenos_shadow_blocks

Skill      XL: |  1  2  3 |
---------------+----------+-----
Conjurations   | 2 3 |  3.2
Translocations | 1 |  1.2
Dodging        | |  2.1
Stealth        | |  2.8
Shields        | |  0.6
Spellcasting   | |  3.4
Summonings     | |  1.2

Action                   |  1- 3 |  4- 6 || total
-------------------------+-------+-------++-------
Melee: Unarmed           |    15 |       ||    15
       Kick              |     2 |       ||     2
       Spear             |     4 |    17 ||    21
 Cast: Magic Dart        |    75 |     9 ||    84
  Use: Scroll            |     1 |       ||     1
       Potion            |       |     2 ||     2
  Eat: Chunk             |     3 |       ||     3
Armor: Robe              |     8 |       ||     8
       Skin              |       |    10 ||    10
Dodge: Dodged            |    25 |     2 ||    27
